[Event "ICC Open 2015"]
[Site "Internet Chess Club"]
[Date "2015.05.29"]
[Round "1"]
[White "ural"]
[Black "born2die"]
[Result "1-0"]
[ICCResult "Black resigns"]
[WhiteElo "2509"]
[BlackElo "1694"]
[Opening "Alekhine's defense: Steiner variation"]
[ECO "B02"]
[NIC "AL.10"]
[Time "19:03:12"]
[TimeControl "180+0"]

1. e4 Nf6 2. e5 Nd5 3. c4 Nb6 4. b3 d6 5. exd6 exd6 6. Bb2 f6 7. Bd3 Nc6 8.
Qh5+ Kd7 9. Nc3 Ne5 10. Bf5+ Ke7 11. Bxc8 Qxc8 12. Qe2 Qf5 13. d4 g6 14.
dxe5 fxe5 15. Nf3 Bh6 16. O-O c6 17. Rad1 Rhd8 18. Ne4 Ke6 19. Neg5+ Bxg5
20. Nd4+ {Black resigns} 1-0

[Event "ICC Open 2015"]
[Site "Internet Chess Club"]
[Date "2015.05.29"]
[Round "1"]
[White "gonesailing"]
[Black "ChenRichard"]
[Result "0-1"]
[ICCResult "White checkmated"]
[WhiteElo "1546"]
[BlackElo "2308"]
[Opening "French: Réti (Spielmann) variation"]
[ECO "C00"]
[NIC "FR.01"]
[Time "19:01:09"]
[TimeControl "180+0"]

1. e4 e6 2. b3 d5 3. Bb2 dxe4 4. Nc3 Nf6 5. g4 h6 6. Bg2 Nc6 7. Nxe4 Be7 8.
Ng3 Nd4 9. h4 c6 10. Nh3 e5 11. g5 hxg5 12. Nxg5 Nd5 13. c3 Nf5 14. Nxf5
Bxf5 15. d4 Bxg5 16. hxg5 Rxh1+ 17. Bxh1 Qxg5 18. Qf3 e4 19. Qg2 Qxg2 20.
Bxg2 Nf4 21. Bf1 O-O-O 22. O-O-O g5 23. Bc4 f6 24. Ba3 b5 25. Bf1 Re8 26.
Bc5 a6 27. a4 e3 28. fxe3 Rxe3 29. Kb2 Rf3 30. axb5 axb5 31. Be7 Rf2+ 32.
Ka3 Nd5 33. Bb4 g4 34. Re1 g3 35. Re8+ Kd7 36. Rg8 Rxf1 37. Rxg3 Nf4 38. Bc5
Nd3 39. Rg7+ Kd8 40. Rg8+ Kd7 41. Rg7+ Ke8 42. Rg8+ Kf7 43. Rf8+ Kg6 44.
Rg8+ Kh5 45. Rh8+ Kg5 46. Rg8+ Bg6 47. b4 Ra1+ 48. Kb3 Nc1+ 49. Kb2 Rb1+ 50.
Ka3 Rb3# {White checkmated} 0-1

[Event "ICC Open 2015"]
[Site "Internet Chess Club"]
[Date "2015.05.29"]
[Round "1"]
[White "JCarllsen"]
[Black "LittlePeasant"]
[Result "0-1"]
[ICCResult "White forfeits on time"]
[WhiteElo "1814"]
[BlackElo "2802"]
[Opening "Sicilian defense"]
[ECO "B40"]
[NIC "SI.43"]
[Time "19:00:37"]
[TimeControl "180+0"]

1. e4 c5 2. Nf3 e6 3. d3 Nc6 4. Nbd2 g6 5. g3 Bg7 6. Bg2 Nge7 7. c3 d5 8.
O-O O-O 9. exd5 exd5 10. Re1 Bf5 11. Nb3 b6 12. d4 c4 13. Nbd2 b5 14. Nf1 a5
15. h3 Re8 16. g4 Bd3 17. Bf4 b4 18. Ng3 a4 19. Ne5 Nxe5 20. Bxe5 a3 21.
bxa3 bxc3 22. Bxg7 Kxg7 23. Bf1 c2 24. Qd2 Qa5 25. Qg5 f6 26. Nh5+ Kg8 27.
Nxf6+ Kf7 28. Nxe8 Rxe8 29. Bg2 Qd8 30. Re5 Be4 31. Bxe4 dxe4 32. Rxe4 Nd5
33. Qxd8 Rxd8 34. Rc1 Nc3 35. Rf4+ Kg7 36. Rxc2 Nd5 37. Re4 c3 38. Re5 Nf4
39. Rxc3 Nd5 40. Rc6 Kf7 41. Rc5 Ne7 42. Re4 Rd7 43. Re3 Nd5 44. Rec3 Nxc3
45. Rxc3 Rxd4 46. Rb3 Rd1+ {White forfeits on time} 0-1

[Event "ICC Open 2015"]
[Site "Internet Chess Club"]
[Date "2015.05.29"]
[Round "1"]
[White "kurumania"]
[Black "paulohaddad"]
[Result "1-0"]
[ICCResult "Black resigns"]
[WhiteElo "2770"]
[BlackElo "1802"]
[Opening "Queen's gambit declined"]
[ECO "D30"]
[NIC "QP.08"]
[Time "19:01:36"]
[TimeControl "180+0"]

1. d4 d5 2. c4 e6 3. Nf3 Nf6 4. g3 c6 5. Bg2 Ne4 6. O-O f5 7. Ne5 Nd7 8. Nd3
Be7 9. Nd2 O-O 10. Nf3 Bf6 11. Bf4 g5 12. Be5 dxc4 13. Bxf6 Ndxf6 14. Nde5
g4 15. Ne1 c3 16. Rb1 cxb2 17. Rxb2 Nc3 18. Qd3 Ncd5 19. e3 Qe7 20. Qb3 Bd7
21. N1d3 Ne4 22. Qxb7 Rab8 23. Qxb8 Rxb8 24. Rxb8+ Kg7 25. Bxe4 fxe4 26. Nc5
Be8 27. Rb7 Nc7 28. Rxc7 Qxc7 29. Nxe6+ {Black resigns} 1-0

[Event "ICC Open 2015"]
[Site "Internet Chess Club"]
[Date "2015.05.29"]
[Round "1"]
[White "KM-SKOCB"]
[Black "Chisel"]
[Result "1-0"]
[ICCResult "Black resigns"]
[WhiteElo "2645"]
[BlackElo "1735"]
[Opening "Ruy Lopez: modern Steinitz defense, 5.O-O"]
[ECO "C72"]
[NIC "RL.10"]
[Time "19:00:40"]
[TimeControl "180+0"]

1. e4 e5 2. Nf3 Nc6 3. Bb5 a6 4. Ba4 d6 5. O-O Bd7 6. d4 Nge7 7. d5 Nb8 8.
c4 Ng6 9. Nc3 Be7 10. g3 O-O 11. Bxd7 Nxd7 12. Be3 f5 13. exf5 Rxf5 14. Nd2
Bg5 15. Nde4 Bxe3 16. fxe3 Rxf1+ 17. Qxf1 Qe7 18. Qh3 Rf8 19. Rf1 Rxf1+ 20.
Qxf1 Nf6 21. Nxf6+ Qxf6 22. Qxf6 gxf6 23. g4 Nf8 24. Kf2 Nd7 25. Ne4 Kf7 26.
b4 Nb6 27. Nd2 Kg6 28. e4 Kg5 29. Kg3 Na4 30. h4+ Kg6 31. a3 Nc3 32. c5 h5
33. Kf3 hxg4+ 34. Kxg4 Ne2 35. cxd6 cxd6 36. Nc4 Nc3 37. Nxd6 b5 38. h5+ Kg7
39. Kf5 Nb1 40. Ne8+ Kf7 41. h6 Kg8 42. Nxf6+ Kh8 43. d6 {Black resigns} 1-0

[Event "ICC Open 2015"]
[Site "Internet Chess Club"]
[Date "2015.05.29"]
[Round "1"]
[White "UzbekTiger"]
[Black "ultramagic1"]
[Result "1-0"]
[ICCResult "Black resigns"]
[WhiteElo "2828"]
[BlackElo "1838"]
[Opening "Neo-Grünfeld, 6.cd Nxd5, 7.O-O c5, 8.dc"]
[ECO "D75"]
[NIC "KI.80"]
[Time "19:01:24"]
[TimeControl "180+0"]

1. d4 Nf6 2. c4 g6 3. g3 d5 4. cxd5 Nxd5 5. Bg2 Bg7 6. Nf3 O-O 7. O-O c5 8.
dxc5 Nc6 9. a4 e5 10. Nfd2 Nf6 11. Nc3 Qe7 12. Nde4 Rd8 13. Nd6 Be6 14. Bg5
h6 15. Bxf6 Bxf6 16. e3 Rd7 17. Nd5 Bxd5 18. Bxd5 Kg7 19. Qf3 Rxd6 20. cxd6
Qxd6 21. Bxc6 Qxc6 22. Qxc6 bxc6 23. Rac1 Rb8 24. Rxc6 Rxb2 25. Rd1 Ra2 26.
Rd7 Rxa4 27. Rcc7 Ra1+ 28. Kg2 g5 29. Rxf7+ Kg6 30. Rxa7 Rxa7 31. Rxa7 Kf5
32. f3 Kg6 33. g4 h5 34. h3 hxg4 35. hxg4 Bg7 36. Ra6+ Bf6 37. Kf2 Kf7 38.
Ke2 Ke7 39. Kd3 Kf7 40. Ke4 Ke7 41. Kf5 {Black resigns} 1-0

[Event "ICC Open 2015"]
[Site "Internet Chess Club"]
[Date "2015.05.29"]
[Round "1"]
[White "eddington"]
[Black "cap78red"]
[Result "1-0"]
[ICCResult "Black checkmated"]
[WhiteElo "2103"]
[BlackElo "1344"]
[Opening "Alekhine's defense: modern, fianchetto variation"]
[ECO "B04"]
[NIC "AL.04"]
[Time "19:01:30"]
[TimeControl "180+0"]

1. e4 Nf6 2. e5 Nd5 3. d4 d6 4. Nf3 g6 5. Be2 Bg7 6. O-O dxe5 7. Nxe5 Nc6 8.
Nxc6 bxc6 9. c4 Nf6 10. Bf3 Bb7 11. Qa4 O-O 12. Be3 Qd6 13. Nc3 e5 14. dxe5
Qxe5 15. Bxc6 Bxc6 16. Qxc6 Rfe8 17. Nb5 a6 18. Bd4 Qe6 19. Qxe6 Rxe6 20.
Nxc7 Rd6 21. Be5 Rad8 22. Bxd6 Rxd6 23. Rad1 Ne4 24. Rxd6 Nxd6 25. b3 a5 26.
Rd1 Bf8 27. Kf1 Ne4 28. Rd8 Kg7 29. Nd5 Be7 30. Nxe7 Kf6 31. Nd5+ Ke5 32.
Re8+ Kd4 33. Rxe4+ Kxe4 34. Nf6+ Kd4 35. Nxh7 Kc3 36. Ng5 Kb2 37. c5 Kxa2
38. c6 Kxb3 39. c7 a4 40. c8=Q a3 41. Qb7+ Ka2 42. Ne4 f5 43. Nc3+ Ka1 44.
Qb1# {Black checkmated} 1-0

[Event "ICC Open 2015"]
[Site "Internet Chess Club"]
[Date "2015.05.29"]
[Round "1"]
[White "BonifaceVIII"]
[Black "dietcoke"]
[Result "1-0"]
[ICCResult "Black resigns"]
[WhiteElo "1982"]
[BlackElo "2218"]
[Opening "QGD Slav: 3.Nf3"]
[ECO "D11"]
[NIC "SL.01"]
[Time "19:00:58"]
[TimeControl "180+0"]

1. d4 d5 2. c4 c6 3. Nf3 Nf6 4. Qc2 dxc4 5. e4 b5 6. b3 cxb3 7. axb3 Bb7 8.
Bd3 e6 9. Bd2 a5 10. O-O Nbd7 11. Nc3 Bb4 12. e5 Nd5 13. Nxd5 exd5 14. e6
fxe6 15. Bxh7 Qf6 16. Bg6+ Ke7 17. Bg5 Raf8 18. Bxf6+ Rxf6 19. h4 Nf8 20. h5
Nxg6 21. hxg6 Rf5 22. g3 Rxf3 23. Qe2 Rf6 24. Kg2 Rxg6 25. Rh1 Rf8 26. Rh4
Rgf6 27. f4 c5 28. Qxb5 Ba8 29. Rg4 g6 30. Qa6 cxd4 31. Rxa5 Bxa5 32. Qxa5
d3 33. Qa7+ Kd6 34. Kf2 Rc8 35. Ke3 d2 36. Kxd2 Bc6 37. Qa3+ Kd7 38. Rh4 Rf7
39. Rh6 Ra8 40. Qb2 g5 41. Qe5 gxf4 42. Qxe6+ {Black resigns} 1-0

[Event "ICC Open 2015"]
[Site "Internet Chess Club"]
[Date "2015.05.29"]
[Round "1"]
[White "rynos0411"]
[Black "saya"]
[Result "0-1"]
[ICCResult "White resigns"]
[WhiteElo "1703"]
[BlackElo "2566"]
[Opening "French: Rubinstein variation"]
[ECO "C10"]
[NIC "FR.07"]
[Time "19:01:00"]
[TimeControl "180+0"]

1. e4 e6 2. d4 d5 3. Nc3 dxe4 4. Nxe4 Bd7 5. Bd3 Bc6 6. Nf3 Nd7 7. Be3 Ngf6
8. Nc3 Be7 9. O-O O-O 10. Qd2 Bxf3 11. gxf3 c6 12. Rfd1 Nd5 13. Bf1 Bb4 14.
Bg2 N7f6 15. a3 Ba5 16. b4 Bc7 17. Ne4 Nxe3 18. fxe3 Nxe4 19. fxe4 Qg5 20.
Qf2 Rad8 21. c3 Qh6 22. Bf3 f5 23. e5 g5 24. Qg3 Kh8 25. Rd2 f4 26. exf4
Rxf4 27. Rf2 Rdf8 28. Kh1 g4 29. Raf1 Rxf3 30. Rxf3 Rxf3 31. Rxf3 gxf3 32.
Qxf3 Qc1+ 33. Kg2 Qg5+ 34. Kh1 Kg7 35. Qf2 Bd8 36. Qf3 Qc1+ 37. Kg2 Bg5 38.
Qg4 Qd2+ 39. Kh3 Qxc3+ 40. Kg2 Qc2+ 41. Kh3 Qf5 42. Kg3 Qxg4+ 43. Kxg4 Be3
44. h4 Bxd4 {White resigns} 0-1

[Event "ICC Open 2015"]
[Site "Internet Chess Club"]
[Date "2015.05.29"]
[Round "1"]
[White "BlueGreen"]
[Black "WayTooRighteous"]
[Result "0-1"]
[ICCResult "White resigns"]
[WhiteElo "2674"]
[BlackElo "1879"]
[Opening "English: symmetrical variation"]
[ECO "A30"]
[NIC "EO.64"]
[Time "19:00:39"]
[TimeControl "180+0"]

1. c4 c5 2. b3 Nc6 3. Bb2 d6 4. Nf3 Nf6 5. Nc3 e5 6. d3 g6 7. g3 Bg7 8. Bg2
O-O 9. O-O h6 10. Nd5 Nxd5 11. cxd5 Ne7 12. e4 Bg4 13. h3 Bd7 14. Nd2 f5 15.
f4 exf4 16. Bxg7 Kxg7 17. gxf4 Ng8 18. Qc2 Qf6 19. Rae1 Rae8 20. Nc4 b5 21.
e5 dxe5 22. fxe5 Qa6 23. Nd6 Rxe5 24. Qxc5 Rxe1 25. Rxe1 Qb6 26. d4 g5 27.
b4 Nf6 28. Re7+ Kg6 29. Kf2 Qd8 30. Nb7 Qb8 31. d6 Rc8 32. Qe5 Rc2+ 33. Kg1
Rxg2+ 34. Kxg2 Qxb7+ 35. Kg1 Qc6 36. d5 Qc1+ 37. Kg2 Qd2+ 38. Kf1 Qd1+ 39.
Kg2 Qd2+ 40. Kg1 Qd1+ 41. Kh2 Qd2+ 42. Kg1 Qd1+ 43. Kg2 Qd2+ 44. Kf1 Qd1+
45. Qe1 Qf3+ 46. Qf2 Qxd5 47. Qxa7 Qxd6 48. Qe3 Ne4 49. Rxe4 fxe4 50. Qxe4+
Bf5 51. Qe8+ Kf6 52. a3 Qd3+ 53. Kf2 Qd4+ 54. Kf1 Bxh3+ 55. Ke2 Qe5+ 56.
Qxe5+ Kxe5 {White resigns} 0-1

[Event "ICC Open 2015"]
[Site "Internet Chess Club"]
[Date "2015.05.29"]
[Round "1"]
[White "Nos"]
[Black "ganesh"]
[Result "1-0"]
[ICCResult "Black checkmated"]
[WhiteElo "2340"]
[BlackElo "1585"]
[Opening "Réti opening"]
[ECO "A09"]
[NIC "QP.09"]
[Time "19:01:28"]
[TimeControl "180+0"]

1. Nf3 d5 2. c4 Nf6 3. cxd5 Nxd5 4. d4 Nc6 5. e4 Nf6 6. Nc3 e6 7. a3 Be7 8.
Bc4 O-O 9. O-O b6 10. h3 Bb7 11. Re1 Rc8 12. Bf4 Na5 13. Ba2 c5 14. d5 exd5
15. exd5 c4 16. d6 Bxf3 17. dxe7 Qxd1 18. exf8=Q+ Kxf8 19. Nxd1 Be4 20. Nc3
Bc2 21. Rac1 Bd3 22. Be5 Nd7 23. Bd6+ Kg8 24. Nd5 Kh8 25. Bb1 Bxb1 26. Rxb1
h6 27. Re7 Nc5 28. Rxf7 Ncb3 29. Be5 Nd2 30. Rd1 Nab3 31. Rxg7 Rg8 32. Rf7+
Rg7 33. Rxg7 Nf3+ 34. gxf3 Nc5 35. Ne7 Ne6 36. Ng6# {Black checkmated} 1-0

[Event "ICC Open 2015"]
[Site "Internet Chess Club"]
[Date "2015.05.29"]
[Round "1"]
[White "antizwi"]
[Black "Red-white"]
[Result "0-1"]
[ICCResult "White resigns"]
[WhiteElo "1970"]
[BlackElo "3193"]
[Opening "Caro-Kann: anti-anti-Caro-Kann defense"]
[ECO "B10"]
[NIC "CK.01"]
[Time "19:01:37"]
[TimeControl "180+0"]

1. e4 c6 2. c4 d5 3. exd5 cxd5 4. cxd5 Nf6 5. Nc3 Nxd5 6. Nf3 Nc6 7. Bb5 e6
8. O-O Be7 9. d4 O-O 10. Re1 Bf6 11. a3 Nxc3 12. bxc3 Bd7 13. Bf4 Rc8 14.
Bd3 g6 15. Bh6 Re8 16. Ne5 Nxe5 17. dxe5 Bg7 18. Bxg7 Kxg7 19. Qb3 Bc6 20.
Rad1 Qg5 21. Bf1 Red8 22. Rd6 Rxd6 23. exd6 Qd5 24. Qxd5 Bxd5 25. c4 Bc6 26.
Rd1 Bd7 27. Rb1 b6 28. Rd1 Rc5 29. f4 g5 30. fxg5 Rxg5 31. Kf2 Ra5 32. Rd3
f5 33. Rc3 Kf6 34. g3 Ke5 35. Be2 Kxd6 36. Rd3+ Ke7 37. Bf3 Rc5 38. Be2 e5
39. Re3 Be6 40. h4 Kf6 41. Rf3 e4 42. Rf4 Ke5 43. Ke3 Bxc4 44. h5 Bxe2 45.
Kxe2 Rc3 {White resigns} 0-1

[Event "ICC Open 2015"]
[Site "Internet Chess Club"]
[Date "2015.05.29"]
[Round "1"]
[White "aplusk"]
[Black "ClockWatcher"]
[Result "1-0"]
[ICCResult "Black resigns"]
[WhiteElo "2816"]
[BlackElo "1834"]
[Opening "Philidor's defense"]
[ECO "C41"]
[NIC "KP.08"]
[Time "19:01:18"]
[TimeControl "180+0"]

1. e4 e5 2. Nf3 d6 3. d4 Bg4 4. dxe5 Nc6 5. Bb5 Qd7 6. h3 Bh5 7. Bf4 O-O-O
8. exd6 Bxd6 9. Bxd6 cxd6 10. Nbd2 Nf6 11. O-O Rhe8 12. Re1 a6 13. Ba4 b5
14. Bb3 Nd4 15. a4 b4 16. c3 bxc3 17. bxc3 Nxf3+ 18. Nxf3 Nxe4 19. Bd5 Nf6
20. Qd3 Qa7 21. Bc4 Bxf3 22. Qxf3 d5 23. Rxe8 Rxe8 24. Bxd5 Qc5 25. Bb7+ Kc7
26. Bxa6 Re5 27. Qb7+ Kd6 28. Rd1+ Ke6 29. Qc8+ Qxc8 30. Bxc8+ Ke7 31. Ba6
Rc5 32. c4 Ne4 33. Bb5 Nc3 34. Rd3 Ne2+ 35. Kf1 Nf4 36. Re3+ Ne6 37. a5
{Black resigns}
1-0

[Event "ICC Open 2015"]
[Site "Internet Chess Club"]
[Date "2015.05.29"]
[Round "1"]
[White "PITCHUS"]
[Black "shredded"]
[Result "0-1"]
[ICCResult "White forfeits on time"]
[WhiteElo "1789"]
[BlackElo "2733"]
[Opening "Réti opening"]
[ECO "A05"]
[NIC "QP.11"]
[Time "19:00:58"]
[TimeControl "180+0"]

1. Nf3 Nf6 2. g3 b6 3. Bg2 Bb7 4. O-O c5 5. c4 e6 6. Nc3 a6 7. b3 d6 8. Bb2
Be7 9. d4 cxd4 10. Nxd4 Bxg2 11. Kxg2 Qc7 12. Kg1 O-O 13. e3 Nbd7 14. Qf3
Rfc8 15. Rac1 Rab8 16. Rfd1 Nc5 17. Qe2 Qb7 18. Nf3 h6 19. Ba3 b5 20. cxb5
axb5 21. Nd2 b4 22. Bb2 bxc3 23. Bxc3 Qa6 24. Qxa6 Nxa6 25. Nc4 d5 26. Ne5
Ba3 27. Rc2 Ne4 28. Bb2 Rxc2 29. Bxa3 Rxa2 30. Nc6 Rxa3 31. Nxb8 Nxb8 32.
Rc1 Rxb3 33. Rc8+ Kh7 34. Rc7 Ng5 35. h4 Nf3+ 36. Kg2 Ne5 37. f4 Rb2+ 38.
Kh3 Nf3 39. Rxf7 h5 40. g4 Ng1+ 41. Kg3 Na6 42. gxh5 Nc5 43. f5 e5 44. f6
Ne4+ 45. Kg4 Nxf6+ 46. Kf5 Rh2 47. h6 Kxh6 48. Ke6 Rxh4 {White forfeits on
time} 0-1

[Event "ICC Open 2015"]
[Site "Internet Chess Club"]
[Date "2015.05.29"]
[Round "1"]
[White "QuintilianoR"]
[Black "croder"]
[Result "1-0"]
[ICCResult "Black resigns"]
[WhiteElo "2296"]
[BlackElo "1518"]
[Opening "QGD semi-Slav: 5.e3"]
[ECO "D45"]
[NIC "SL.08"]
[Time "19:01:00"]
[TimeControl "180+0"]

1. d4 d5 2. Nf3 Nf6 3. c4 e6 4. Nc3 c6 5. e3 Be7 6. Qc2 O-O 7. b3 Nbd7 8.
Bb2 Re8 9. Bd3 Nf8 10. O-O a6 11. Rad1 Qc7 12. Ne5 Bd7 13. f4 b5 14. c5 a5
15. a3 Bc8 16. Rf3 Ba6 17. b4 axb4 18. axb4 Bb7 19. g4 N6d7 20. Rh3 g6 21.
Ne2 Nxe5 22. dxe5 Ra2 23. Qb3 Rea8 24. Bb1 R2a6 25. Nd4 Bc8 26. Qc2 Qd8 27.
g5 Bd7 28. Rg3 Be8 29. Qc3 Nd7 30. Bc2 Bf8 31. Nf3 Bg7 32. Bb3 Nf8 33. h3
Qe7 34. Nh2 Qa7 35. Ng4 Ra2 36. Bxa2 Qxa2 37. Ra1 Qxa1+ 38. Bxa1 Nd7 39. Rg2
Nb8 40. Kh2 Ra4 41. Rg1 Na6 42. Rb1 Bf8 43. Nf6+ Kh8 44. Nxe8 h6 45. h4 hxg5
46. hxg5 Kg8 47. Qd2 Bg7 48. Nf6+ Bxf6 49. gxf6 Kf8 50. Bc3 Ke8 51. Qb2 Kd7
52. Ra1 Rxa1 53. Qxa1 Nc7 54. Qa5 Ne8 55. Qa7+ Nc7 56. Qb7 Kd8 57. Qb8+ Kd7
58. Qf8 Na6 59. Qxf7+ Kc8 60. Qxe6+ Kb7 61. f7 {Black resigns} 1-0

[Event "ICC Open 2015"]
[Site "Internet Chess Club"]
[Date "2015.05.29"]
[Round "1"]
[White "paraguayo"]
[Black "delerio"]
[Result "0-1"]
[ICCResult "White resigns"]
[WhiteElo "1753"]
[BlackElo "2659"]
[Opening "Ruy Lopez: Anderssen variation"]
[ECO "C77"]
[NIC "RL.12"]
[Time "19:00:40"]
[TimeControl "180+0"]

1. e4 e5 2. Nf3 Nc6 3. Bb5 a6 4. Ba4 Nf6 5. d3 b5 6. Bb3 Be7 7. O-O O-O 8.
h3 d5 9. exd5 Nxd5 10. Nbd2 Re8 11. Re1 Bf8 12. Nf1 h6 13. c4 Ndb4 14. cxb5
axb5 15. Ne3 Qxd3 16. Bd2 e4 17. Nh2 Nd4 18. Bxb4 Bxb4 19. Qxd3 exd3 20.
Red1 d2 21. a3 Nxb3 22. Nf3 Nxa1 23. Rxa1 Bc5 24. Rd1 Bb7 25. Nxd2 Rad8 26.
Nef1 Re2 27. Rc1 Bxf2+ 28. Kh1 Rexd2 29. Nxd2 Rxd2 30. Rxc7 Bxg2+ 31. Kxg2
Bb6+ {White resigns} 0-1

[Event "ICC Open 2015"]
[Site "Internet Chess Club"]
[Date "2015.05.29"]
[Round "1"]
[White "Cinzento"]
[Black "BlitzPawn94"]
[Result "0-1"]
[ICCResult "White forfeits on time"]
[WhiteElo "1755"]
[BlackElo "2697"]
[Opening "Sicilian: Taimanov variation"]
[ECO "B49"]
[NIC "SI.40"]
[Time "19:01:28"]
[TimeControl "180+0"]

1. e4 c5 2. Nf3 Nc6 3. d4 cxd4 4. Nxd4 e6 5. Nc3 Qc7 6. Be3 a6 7. Be2 Nf6 8.
a3 b5 9. O-O Bb7 10. Kh1 Ne5 11. Bf4 d6 12. f3 Be7 13. Qe1 h5 14. Rd1 h4 15.
Be3 Nc4 16. Bc1 Rc8 17. Bxc4 Qxc4 18. Qe2 h3 19. g3 Qc7 20. Qd3 Nd7 21. Nde2
Ne5 22. Qe3 g5 23. Qd4 Rg8 24. g4 Ng6 25. Ng3 Nf4 26. Bxf4 gxf4 27. Nh5 e5
28. Qd2 Qc4 29. Qd3 Qxd3 30. Rxd3 Kd7 31. Rfd1 Rc4 32. Rxd6+ Bxd6 33. Nf6+
Kc7 34. Nxg8 b4 35. axb4 Bxb4 36. Nd5+ Bxd5 37. exd5 Rxc2 38. Nf6 Rxb2 39.
d6+ Kd8 40. d7 Bd2 41. Ne4 Kxd7 42. Nxd2 Ke6 43. Ne4 a5 44. Kg1 a4 45. Ra1
Rg2+ 46. Kh1 Rb2 {White forfeits on time} 0-1

[Event "ICC Open 2015"]
[Site "Internet Chess Club"]
[Date "2015.05.29"]
[Round "1"]
[White "blackending"]
[Black "maki89"]
[Result "0-1"]
[ICCResult "White resigns"]
[WhiteElo "1629"]
[BlackElo "2366"]
[Opening "KP: Nimzovich defense"]
[ECO "B00"]
[NIC "VO.05"]
[Time "19:01:38"]
[TimeControl "180+0"]

1. e4 Nc6 2. Nf3 d6 3. d4 Bg4 4. Be2 Nf6 5. Nc3 g6 6. h3 Bxf3 7. Bxf3 e5 8.
d5 Nd4 9. Be3 Nxf3+ 10. Qxf3 Bg7 11. O-O O-O 12. Qe2 Nd7 13. Rad1 f5 14. f3
a6 15. a3 b6 16. b4 a5 17. Nb5 Bf6 18. c4 Rf7 19. Rc1 Bh4 20. c5 axb4 21.
axb4 bxc5 22. bxc5 f4 23. Bf2 Bxf2+ 24. Qxf2 Nxc5 25. Rxc5 dxc5 26. Qxc5 Ra5
27. Qc6 Qb8 28. Rb1 Kg7 29. Rb3 Ra1+ 30. Kh2 Qd8 31. d6 Qg5 {White resigns}
0-1

[Event "ICC Open 2015"]
[Site "Internet Chess Club"]
[Date "2015.05.29"]
[Round "1"]
[White "kingmate"]
[Black "jorgeearroyo"]
[Result "1-0"]
[ICCResult "Black forfeits on time"]
[WhiteElo "1885"]
[BlackElo "1193"]
[Opening "Giuoco Piano"]
[ECO "C54"]
[NIC "IG.02"]
[Time "19:01:32"]
[TimeControl "180+0"]

1. e4 e5 2. Nf3 Nc6 3. Bc4 Bc5 4. c3 Nf6 5. d3 O-O 6. h3 d5 7. exd5 Nxd5 8.
O-O Be6 9. Re1 Qd7 10. Nxe5 Nxe5 11. Rxe5 Bd6 12. Rxd5 Bxd5 13. Bxd5 Bh2+
14. Kxh2 Qxd5 15. Be3 f5 16. Bf4 Rae8 17. Qb3 Qxb3 18. axb3 a6 19. Nd2 Re2
20. Kg3 h6 21. Kf3 Rfe8 22. Be3 R2xe3+ 23. fxe3 g5 24. b4 h5 25. Nc4 Kg7 26.
Ra5 Kf6 27. b5 axb5 28. Rxb5 b6 29. Nxb6 cxb6 30. Rxb6+ Re6 31. Rxe6+ Kxe6
32. g4 h4 33. gxf5+ {Black forfeits on time} 1-0

[Event "ICC Open 2015"]
[Site "Internet Chess Club"]
[Date "2015.05.29"]
[Round "1"]
[White "LordKinbote"]
[Black "Spirals"]
[Result "0-1"]
[ICCResult "White resigns"]
[WhiteElo "1389"]
[BlackElo "2137"]
[Opening "Sicilian: Najdorf, Byrne (English) attack"]
[ECO "B90"]
[NIC "SI.14"]
[Time "19:01:38"]
[TimeControl "180+0"]

1. e4 c5 2. Nf3 d6 3. d4 cxd4 4. Nxd4 Nf6 5. Nc3 a6 6. Be3 e5 7. Nb3 Be6 8.
f3 Nbd7 9. Qd2 b5 10. O-O-O Be7 11. g4 Nb6 12. g5 Nfd7 13. h4 O-O 14. h5 Nc5
15. Nxc5 dxc5 16. Qh2 Qc7 17. g6 fxg6 18. hxg6 hxg6 19. Bh3 Bxh3 20. Qxh3
Qc8 21. Qg3 Qe6 22. Kb1 Rad8 23. Rxd8 Rxd8 24. Qh3 Qxh3 25. Rxh3 b4 26. Nd5
Nxd5 27. exd5 Rxd5 28. b3 Rd1+ 29. Kb2 Re1 {White resigns} 0-1

[Event "ICC Open 2015"]
[Site "Internet Chess Club"]
[Date "2015.05.29"]
[Round "1"]
[White "gannikus1992"]
[Black "adypady"]
[Result "1-0"]
[ICCResult "Black checkmated"]
[WhiteElo "2003"]
[BlackElo "2197"]
[Opening "French: MacCutcheon, Lasker variation"]
[ECO "C12"]
[NIC "FR.05"]
[Time "19:01:10"]
[TimeControl "180+0"]

1. e4 e6 2. d4 d5 3. Nc3 Nf6 4. Bg5 Bb4 5. e5 h6 6. Bd2 Bxc3 7. bxc3 Ne4 8.
Qg4 Kf8 9. Bd3 Nxd2 10. Kxd2 c5 11. h4 c4 12. Be2 Nc6 13. h5 b5 14. a3 a5
15. Nf3 Bd7 16. Rhb1 Rb8 17. Qf4 Qe7 18. g4 Kg8 19. g5 hxg5 20. Nxg5 Rh6 21.
Qg3 Kh8 22. Rg1 Rf8 23. Ne4 f6 24. exf6 gxf6 25. Nc5 Be8 26. Qf4 Rh7 27. h6
e5 28. Qh4 b4 29. axb4 axb4 30. Rg7 bxc3+ 31. Ke1 Rxg7 32. hxg7+ Kxg7 33.
Qg4+ Kh8 34. Ne6 Rf7 35. Ra8 Nxd4 36. Qh5+ Kg8 37. Qg6+ Kh8 38. Bh5 Nxe6 39.
Qxf7 Qf8 40. Rxe8 Qxe8 41. Qxe8+ Kg7 42. Qxe6 Kh6 43. Qf5 Kg7 44. Qg6+ Kf8
45. Qf7# {Black checkmated} 1-0

[Event "ICC Open 2015"]
[Site "Internet Chess Club"]
[Date "2015.05.29"]
[Round "1"]
[White "Parsifal"]
[Black "Svinotigr"]
[Result "1-0"]
[ICCResult "Black resigns"]
[WhiteElo "2418"]
[BlackElo "1648"]
[Opening "Queen's Pawn"]
[ECO "B07"]
[NIC "QO.17"]
[Time "19:01:47"]
[TimeControl "180+0"]

1. d4 d6 2. e4 Nd7 3. Nc3 e5 4. Nge2 g6 5. f3 Bg7 6. Be3 h5 7. Qd2 Qe7 8.
Nb5 Nf8 9. Qa5 b6 10. Qa4 c6 11. Nbc3 Bb7 12. d5 b5 13. Qa5 Qd8 14. Qxd8+
Kxd8 15. dxc6 Bxc6 16. O-O-O Kc7 17. a3 Ne6 18. Kb1 Bh6 19. Bf2 Bg5 20. h4
Be7 21. Nc1 a6 22. Nb3 Nf6 23. Na5 Rhd8 24. Nxc6 Kxc6 25. Nd5 Kd7 26. Nb6+
Kc7 27. Nxa8+ Rxa8 28. c4 bxc4 29. Bxc4 Nc5 30. Bxc5 dxc5 31. Bxf7
{Black resigns}
1-0

[Event "ICC Open 2015"]
[Site "Internet Chess Club"]
[Date "2015.05.29"]
[Round "1"]
[White "Cristhian-ator"]
[Black "Ashtanga"]
[Result "1-0"]
[ICCResult "Black checkmated"]
[WhiteElo "2165"]
[BlackElo "1558"]
[Opening "Réti: King's Indian attack (Barcza system)"]
[ECO "A07"]
[NIC "QP.09"]
[Time "19:01:33"]
[TimeControl "180+0"]

1. Nf3 d5 2. g3 c6 3. Bg2 Bg4 4. O-O e6 5. d3 Nf6 6. Nbd2 Be7 7. h3 Bh5 8.
e4 O-O 9. Qe1 Na6 10. Ne5 Nd7 11. Nxd7 Qxd7 12. Nf3 c5 13. Bf4 Bxf3 14. Bxf3
Bd6 15. e5 Be7 16. h4 Nb4 17. Qe2 Rac8 18. Kg2 c4 19. d4 c3 20. b3 Nc6 21.
Qe3 Bd8 22. Rfd1 Bb6 23. h5 f6 24. exf6 Rxf6 25. Rd3 Rcf8 26. Re1 Ne7 27.
Bg4 Nf5 28. Bxf5 Rxf5 29. Qxe6+ Qxe6 30. Rxe6 Rxh5 31. Re7 Rhf5 32. Rxb7 Rc8
33. Rd7 g5 34. Be5 Rf7 35. Rxd5 Rcf8 36. f3 g4 37. f4 h5 38. Rxc3 Kh7 39.
Rc6 Re8 40. Rdd6 Rxe5 41. dxe5 h4 42. Rh6+ Kg7 43. Rxh4 Rd7 44. Rxg4+ Kf7
45. Rd6 Rc7 46. c4 Be3 47. Rh4 Kg7 48. Kf3 Bc5 49. Rg4+ Kf7 50. Rf6+ Ke8 51.
Rg8+ Ke7 52. Rg7+ Kd8 53. Rxc7 Kxc7 54. g4 a5 55. g5 a4 56. g6 axb3 57. axb3
Be7 58. g7 Bxf6 59. exf6 Kc6 60. g8=Q Kc5 61. Qd5+ Kb4 62. c5 Kc3 63. c6 Kb4
64. c7 Ka3 65. c8=Q Kb2 66. Qd4+ Ka3 67. Qa6+ Kxb3 68. Qb5+ Kc2 69. Qbb2#
{Black checkmated}
1-0

[Event "ICC Open 2015"]
[Site "Internet Chess Club"]
[Date "2015.05.29"]
[Round "1"]
[White "youngjp"]
[Black "SCORPION83"]
[Result "0-1"]
[ICCResult "White resigns"]
[WhiteElo "1950"]
[BlackElo "3154"]
[Opening "Pirc: Ufimtsev-Pytel variation"]
[ECO "B07"]
[NIC "PU.08"]
[Time "19:01:25"]
[TimeControl "180+0"]

1. e4 d6 2. d4 Nf6 3. Nc3 c6 4. f4 Qa5 5. Bd3 e5 6. dxe5 dxe5 7. f5 b5 8.
Nf3 Nbd7 9. O-O Be7 10. Bd2 Qc7 11. h3 a5 12. g4 h6 13. Ne2 Nc5 14. Be3
Ncxe4 15. Bxe4 Nxe4 16. Nd2 Nxd2 17. Qxd2 Bb7 18. Ng3 c5 19. f6 Bxf6 20. Nf5
Rd8 21. Qf2 Qc6 22. Nxg7+ Kf8 23. Ne6+ Kg8 24. Kh2 Qxe6 25. Qxf6 Qd5 26. Rf2
Rd6 27. Qe7 Kg7 28. Raf1 Rf8 29. Bxh6+ Rxh6 30. Qxf8+ Kxf8 {White resigns}
0-1